Map: Golden Wall LE

Players

RyuKey

  • Race: Terran Terran
  • League: Diamond
  • Spawn Location: 5:00

Lapin - Winner!

  • Race: Zerg Zerg
  • League: Diamond
  • Spawn Location: 7:00

VOD

Have the link to the VOD?

Description

Time

  • Played on: June 22, 2020, 12:33 p.m.
  • Length: 27:03
Show
View Real Time Build Order
Export as new Build Order

RyuKey Terran 

Build Orders: Reaper Expand 

Get SALT Encoding   

  12  0:00  SCV  
  13  0:12  SCV  
  14  0:17  Supply Depot  
  14  0:24  SCV  
  15  0:39  SCV  
  15  0:40  Barracks  
  16  0:44  Refinery  
  16  0:53  SCV  
  17  1:05  SCV  
  18  1:18  SCV  
  19  1:28  Reaper  
  19  1:30  Orbital Command  
  20  1:41  Command Center  
  20  1:50  Supply Depot  
  20  1:55  SCV  
  20  2:00  Marine  
  22  2:07  SCV  
  23  2:10  Factory  
  23  2:17  Bunker  
  23  2:21  Barracks Reactor  
  23  2:25  SCV  
  23  2:27  Refinery  
  24  2:37  SCV  
  25  2:49  SCV  
  25  2:51  Supply Depot  
  26  2:54  Factory Tech Lab  
  26  2:57  Marine x2  
  28  3:00  Starport  
  28  3:04  Orbital Command  
  28  3:08  SCV  
  29  3:20  SCV, Supply Depot  
  29  3:23  Marine x2  
  32  3:32  SCV  
  32  3:33  Siege Tank  
  36  3:37  SCV  
  37  3:43  Supply Depot  
  37  3:44  SCV  
  38  3:49  SCV  
  38  3:52  Starport Reactor  
  39  3:56  Marine  
  39  3:57  SCV  
  39  3:59  Marine  
  39  4:01  SCV  
  43  4:09  SCV, Siege Tank  
  47  4:13  SCV  
  47  4:14  Marine  
  47  4:16  Marine  
  49  4:21  SCV  
  51  4:25  SCV  
  51  4:29  Viking  
  51  4:30  Medivac  
  56  4:32  Marine  
  56  4:33  SCV  
  56  4:34  Marine  
  56  4:37  SCV  
  60  4:45  SCV  
  60  4:49  SCV  
  60  4:50  Command Center  
  61  4:53  Engineering Bay  
  61  4:54  Marine x2  
  61  4:55  Engineering Bay  
  61  4:57  SCV  
  64  5:00  Medivac  
  64  5:05  SCV  
  67  5:08  Refinery  
  67  5:09  SCV, Refinery  
  67  5:14  Barracks  
  68  5:17  SCV, Barracks  
  69  5:22  Marine  
  69  5:23  Supply Depot  
  70  5:32  Supply Depot  
  70  5:34  Terran Infantry Weapons Level 1  
  70  5:35  Terran Infantry Armor Level 1  
  70  5:44  SCV x2, Missile Turret, Marine  
  70  5:46  Medivac  
  70  5:47  Marine  
  76  5:54  Siege Tank  
  76  5:56  SCV  
  80  5:58  Supply Depot  
  80  6:02  Supply Depot  
  80  6:03  Barracks Tech Lab  
  80  6:05  Barracks Reactor  
  80  6:11  Orbital Command  
  80  6:13  Marine  
  80  6:17  Medivac  
  83  6:20  SCV x2  
  85  6:27  Marine x2  
  85  6:32  SCV x2  
  89  6:33  Marine  
  89  6:36  Stimpack  
  90  6:41  SCV, Armory  
  90  6:44  Marine x2  
  90  6:45  Marine  
  94  6:48  SCV  
  94  6:49  Marine  
  96  6:56  Marine, Siege Tank  
  100  7:02  Marine  
  101  7:09  SCV  
  102  7:16  SCV  
  103  7:25  Marine x5  
  103  7:27  SCV  
  103  7:28  SCV  
  110  7:35  Terran Infantry Armor Level 2, Terran Infantry Weapons Level 2  
  110  7:39  SCV  
  110  7:41  Siege Tank  
  110  7:43  Marine x3  
  117  7:57  Command Center, Orbital Command  
  117  8:02  Barracks  
  117  8:03  Barracks  
  117  8:04  Supply Depot  
  117  8:06  Supply Depot  
  117  8:08  Supply Depot x3  
  117  8:13  Supply Depot  
  117  8:14  Supply Depot  
  117  8:15  Combat Shield  
  117  8:25  SCV, Marine x5  
  123  8:28  Siege Tank  
  123  8:29  SCV x2  
  128  8:38  Missile Turret  
  128  8:39  Missile Turret  
  126  8:43  Marine x4  
  126  8:46  SCV  
  126  8:47  Medivac x2  
  135  9:01  Missile Turret, Marine x4  
  139  9:02  Barracks Reactor  
  139  9:03  Barracks Reactor, Missile Turret  
  139  9:09  Siege Tank  
  142  9:15  Orbital Command  
  143  9:17  SCV  
  143  9:20  Marine x2, Liberator  
  143  9:21  Marine x3  
  143  9:22  Medivac  
  143  9:23  SCV  
  154  9:25  SCV, Missile Turret  
  154  9:26  Refinery x2, Factory  
  154  9:29  SCV  
  156  9:38  Marine x3  
  156  9:39  SCV  
  156  9:41  Siege Tank  
  156  9:43  Supply Depot x2  
  163  9:52  SCV x2, Medivac, Orbital Command  
  167  9:57  SCV, Marine x9  
  167  9:58  Supply Depot, Terran Infantry Weapons Level 3  
  177  10:03  Medivac  
  177  10:04  SCV  
  180  10:07  Supply Depot  
  180  10:13  Siege Tank  
  183  10:15  Marine x5  
  185  10:28  Marine  
  185  10:29  Marine x3  
  185  10:33  Marine x5  
  173  10:37  Terran Infantry Armor Level 3  
  152  11:08  Factory Tech Lab  
  151  11:31  SCV, Marine  
  149  11:43  SCV  
  149  11:44  SCV, Marine x5  
  149  11:45  SCV, Marine, Siege Tank  
  149  12:16  SCV, Marine x3  
  149  12:17  SCV x2, Marine x6, Siege Tank x2  
  110  12:34  Marine x7  
  110  12:35  Marine x2  
  113  12:45  SCV  
  113  12:46  Terran Vehicle Weapons Level 1  
  113  12:49  Siege Tank x2  
  120  12:52  Marine x7  
  120  12:55  Barracks  
  120  12:56  Command Center  
  120  12:57  Barracks  
  127  12:59  Barracks  
  127  13:15  Missile Turret x2  
  127  13:16  Marine x9  
  135  13:21  Siege Tank x2  
  134  13:37  Missile Turret  
  134  13:39  Missile Turret  
  134  13:44  SCV, Missile Turret x2  
  134  13:45  SCV, Marine  
  137  13:53  Thor x2  
  116  14:15  Marine x5  
  118  14:17  Barracks Tech Lab  
  118  14:18  Barracks Reactor, Barracks Tech Lab  
  101  14:33  Marine x9  
  101  14:36  Siege Tank x2  
  102  14:51  Marine  
  89  14:55  SCV  
  89  14:56  Marine x3  
  89  14:57  Marine x4  
  97  15:35  Orbital Command  
  97  15:37  Marine  
  97  15:38  Marine x8  
  97  15:39  SCV  
  107  15:49  Siege Tank  
  110  15:50  Siege Tank  
  113  15:59  Marine  
  114  16:09  Marine x4  
  114  16:10  Marine x2  
  120  16:19  Marine  
  120  16:20  Marine x6  
  120  16:22  Siege Tank  
  108  16:44  Marine x13  
  116  17:01  Siege Tank  
  116  17:03  Marauder x3  
  116  17:04  Terran Vehicle Weapons Level 2  
  116  17:06  SCV  
  123  17:26  Widow Mine  
  125  17:32  Command Center  
  125  17:33  Concussive Shells, Widow Mine  
  125  17:34  Marauder x3  
  133  17:38  Marine x4  
  133  17:39  Marine x3  
  140  17:47  Widow Mine  
  142  17:55  Widow Mine  
  117  17:58  Marine  
  117  17:59  Marine x11  
  129  18:08  Siege Tank  
  126  18:16  Siege Tank  
  126  18:31  Refinery  
  126  18:36  Marauder  
  126  18:37  Marauder x2, Marine x6  
  138  18:45  Thor  
  138  18:48  Thor  
  150  18:49  Armory  
  147  18:58  Marauder  
  147  19:00  Missile Turret  
  147  19:02  Missile Turret  
  146  19:03  Missile Turret  
  146  19:04  Missile Turret  
  124  19:25  Marine  
  124  19:26  Marine x8  
  124  19:28  Thor  
  94  19:46  Marine x6  
  100  20:00  Terran Vehicle Weapons Level 3  
  100  20:06  Terran Vehicle And Ship Armor Level 1  
  100  20:23  Thor  
  106  20:37  Medivac x2  
  112  20:43  Marauder  
  112  20:56  Orbital Command  
  112  20:58  SCV x2  
  114  21:20  Command Center  
  114  21:30  Marine x9  
  123  21:33  Medivac  
  123  21:36  Medivac  
  127  21:59  Marine  
  127  22:00  Marine x4  
  131  22:08  Terran Vehicle And Ship Armor Level 2  
  131  22:11  Thor x2  
  131  22:13  Marine  
  131  22:14  Marine  
  139  22:42  Marauder x3, Marine  
  132  23:03  Marauder  
  132  23:04  Marauder x2  
  123  23:13  Marine x3  
  105  23:24  Thor  
  94  23:50  Widow Mine  
  96  24:06  Smart Servos  
  96  24:07  Widow Mine  
  98  24:12  Widow Mine  
  100  24:50  Planetary Fortress  
  100  25:05  Marine  
  100  25:06  Marine x3  
  30  25:50  Thor  
Show
View Real Time Build Order
Export as new Build Order

Lapin Zerg - Winner!

Build Orders: Hatch First 

Get SALT Encoding   

  12  0:02  Drone  
  13  0:13  Overlord  
  13  0:17  Drone  
  14  0:32  Drone x2  
  16  0:38  Drone  
  17  0:54  Hatchery  
  16  1:01  Drone x2  
  18  1:05  Extractor  
  17  1:17  Spawning Pool  
  16  1:21  Drone  
  17  1:25  Drone  
  17  1:31  Drone  
  19  1:43  Overlord  
  19  2:04  Metabolic Boost  
  19  2:05  Queen  
  19  2:07  Queen  
  23  2:09  Zergling x4  
  25  2:20  Drone x3  
  28  2:38  Drone x3  
  31  2:56  Overlord  
  31  3:08  Hatchery  
  31  3:10  Roach Warren, Queen  
  31  3:18  Zergling x4  
  33  3:25  Zergling x6  
  36  3:32  Zergling x6  
  39  3:42  Drone x3  
  39  3:43  Drone  
  42  3:55  Drone  
  43  3:56  Overlord x2  
  43  4:23  Drone x11  
  54  4:28  Queen  
  56  4:39  Overlord  
  56  4:40  Overlord  
  56  4:41  Overlord  
  56  4:49  Roach x3  
  62  4:56  Roach x2  
  62  4:59  Extractor  
  64  5:00  Spore Crawler  
  64  5:01  Extractor  
  62  5:08  Baneling Nest  
  62  5:10  Drone  
  62  5:11  Drone x2  
  62  5:12  Drone x3  
  67  5:14  Pneumatized Carapace  
  67  5:16  Drone  
  68  5:21  Lair  
  68  5:38  Overlord x2  
  68  5:46  Drone  
  68  5:47  Drone x10  
  79  6:00  Ravager x2  
  81  6:08  Roach x6  
  81  6:09  Roach x2, Extractor  
  96  6:15  Drone x2  
  96  6:18  Overlord  
  98  6:19  Overlord x2  
  98  6:34  Overlord  
  98  6:35  Overlord x2  
  98  6:47  Centrifical Hooks  
  98  6:48  Glial Reconstitution  
  98  6:50  Zergling x22  
  109  7:05  Hydralisk Den  
  108  7:08  Extractor  
  108  7:09  Evolution Chamber  
  108  7:10  Drone  
  108  7:11  Drone x6  
  108  7:14  Baneling x8  
  108  7:15  Baneling x8  
  113  7:27  Spore Crawler  
  113  7:28  Spore Crawler  
  113  7:29  Drone x4  
  115  7:30  Spore Crawler  
  115  7:34  Spore Crawler  
  115  7:35  Muscular Augments  
  107  7:48  Roach  
  107  7:49  Roach x6  
  121  7:57  Queen  
  123  8:00  Extractor  
  122  8:08  Zerg Missile Weapons Level 1  
  122  8:17  Ravager x3  
  122  8:19  Drone  
  127  8:20  Drone x2  
  128  8:39  Hatchery  
  127  8:46  Grooved Spines  
  127  8:53  Hydralisk x5  
  127  8:55  Overlord x7  
  137  9:07  Evolution Chamber  
  136  9:14  Zergling x32  
  152  9:23  Overseer x2  
  156  9:31  Roach x6  
  156  9:33  Baneling  
  156  9:34  Baneling x8  
  156  9:36  Ravager  
  156  9:37  Ravager x5  
  170  9:44  Drone x8  
  178  9:51  Spire  
  178  9:52  Queen  
  179  10:09  Drone x14  
  179  10:12  Extractor  
  179  10:13  Extractor  
  191  10:14  Zerg Melee Weapons Level 1, Zerg Ground Armor Level 1  
  152  10:58  Hydralisk x3  
  152  10:59  Hydralisk x15  
  165  11:12  Roach  
  165  11:13  Roach x8  
  183  11:21  Zergling x8  
  161  11:35  Zergling x2  
  161  11:36  Zergling x14  
  165  11:48  Zergling x14, Baneling x6  
  165  11:50  Roach x3  
  165  11:52  Zerg Flyer Weapons Level 1  
  178  11:59  Zergling x2  
  178  12:00  Zergling x14  
  150  12:23  Mutalisk x7  
  150  12:24  Mutalisk x5  
  149  12:44  Mutalisk  
  149  12:45  Mutalisk x3  
  149  12:48  Zergling x20  
  149  12:49  Zergling x8  
  171  13:02  Hatchery  
  171  13:03  Zergling x16  
  178  13:05  Zerg Ground Armor Level 2, Zerg Melee Weapons Level 2  
  178  13:12  Hatchery  
  177  13:13  Baneling x7  
  144  13:31  Baneling  
  144  13:32  Baneling x14  
  144  13:34  Zergling x28  
  143  13:35  Zergling x4  
  158  13:42  Baneling x12  
  158  13:43  Zergling x10  
  140  14:03  Baneling x10  
  140  14:04  Zergling x22, Baneling x4  
  149  14:18  Zergling x22  
  141  14:32  Zergling x10  
  141  14:33  Zergling x2  
  141  14:36  Mutalisk x2  
  138  14:38  Queen  
  119  14:55  Baneling  
  119  14:56  Baneling x26  
  119  14:57  Baneling x13  
  119  15:05  Mutalisk x3  
  125  15:22  Mutalisk x3  
  131  15:29  Queen  
  133  15:36  Extractor  
  133  15:41  Infestation Pit, Zerg Flyer Weapons Level 2, Extractor  
  130  15:44  Zergling x22  
  130  15:45  Zergling x10  
  145  16:05  Baneling x6  
  145  16:06  Baneling x4  
  129  16:45  Mutalisk x11  
  151  16:53  Hatchery  
  135  16:55  Zergling x2  
  135  16:56  Zergling x32  
  151  17:08  Drone  
  151  17:11  Hive  
  151  17:37  Mutalisk x8  
  143  17:59  Baneling x10  
  143  18:00  Baneling x9  
  143  18:01  Zergling x18  
  148  18:22  Hatchery  
  148  18:25  Extractor  
  148  18:26  Extractor  
  145  18:40  Greater Spire, Corruptor x5  
  145  18:41  Corruptor  
  157  19:13  Zergling x26  
  157  19:14  Zergling x16  
  136  19:38  Drone x5  
  136  19:39  Drone x7  
  147  19:49  Zerg Ground Armor Level 3  
  147  19:50  Zerg Melee Weapons Level 3  
  147  19:53  Adrenal Glands  
  147  20:11  Extractor  
  146  20:26  Ultralisk Cavern  
  145  20:30  Baneling x21  
  145  20:31  Baneling x3  
  145  20:43  Brood Lord x3  
  145  20:44  Corruptor x4  
  145  20:49  Spore Crawler  
  158  20:51  Spine Crawler  
  157  21:05  Overlord x7  
  156  21:12  Corruptor  
  156  21:13  Corruptor  
  156  21:14  Hatchery  
  156  21:17  Anabolic Synthesis  
  158  21:32  Ultralisk  
  164  21:34  Zergling x12  
  170  21:40  Queen  
  172  21:59  Chitinous Plating  
  138  22:53  Zergling x2  
  138  22:54  Zergling x56  
  138  22:55  Zergling x6  
  162  23:02  Zergling x18  
  162  23:03  Zergling x34  
  146  23:30  Ultralisk x3  
  146  23:32  Lair  
  164  23:37  Extractor  
  164  23:38  Extractor  
  164  23:41  Baneling x13  
  162  23:42  Baneling  
  162  24:30  Brood Lord x5  
  162  24:31  Brood Lord  
  170  24:39  Zergling x34  
  170  24:40  Zergling x22  
  198  24:55  Hatchery  
  181  25:23  Zergling x16  
  181  25:24  Zergling x30  
  174  26:00  Hatchery  
  173  26:11  Baneling x3  
  173  26:12  Baneling x19  
Tags
 
Add a new tag
Caveats
  • Supply blocks, unpowered buildings, or Contaminate may cause inaccurate times.
  • Supply counts are checked every 10 seconds.